 Dungeon Crawl Stone Soup version 0.18-a0-1300-g6e8322c (webtiles) character file.

44818 Gorice the Destroyer (level 14, 0/101 HPs)
             Began as a Human Wanderer on Feb 10, 2016.
             Was the Champion of Sif Muna.
             Slain by an eight-headed hydra (9 damage)
             ... on level 7 of the Lair of Beasts on Feb 11, 2016.
             The game lasted 03:24:02 (25586 turns).

Gorice the Destroyer (Human Wanderer)              Turns: 25586, Time: 03:24:02

Health: 0/101      AC: 13    Str: 13    XL:     14   Next: 67%
Magic:  25/30      EV: 13    Int: 16    God:    Sif Muna [******]
Gold:   1202       SH:  0    Dex: 14    Spells: 13 memorised, 6 levels left

rFire  + . .     SeeInvis .     B - +0 blowgun
rCold  . . .     Gourm    .     T - +1 ring mail {rF+}
rNeg   . . .     Faith    .     (no shield)
rPois  .         Spirit   .     (no helmet)
rElec  .         Dismiss  .     D - +2 cloak {+Inv}
rCorr  .         Reflect  .     G - +2 pair of gloves
SustAt .         Harm     .     i - +0 pair of boots
MR     +....                    u - amulet of magic regeneration
Stlth  +.........               S - +3 ring of evasion
                                g - ring of wizardry

@: repel missiles, somewhat resistant to hostile enchantments, very unstealthy
A: no striking features
a: Channel Energy, Forget Spell, Renounce Religion, Evoke Invisibility


You were on level 7 of the Lair of Beasts.
You worshipped Sif Muna.
Sif Muna was exalted by your worship.
You were not hungry.

You visited 3 branches of the dungeon, and saw 18 of its levels.

You collected 1202 gold pieces.

Inventory:

Hand Weapons
 a - a +0 quarterstaff of protection
   (You found it on level 8 of the Dungeon)
 n - a +4 scimitar of flaming
   (You took it off Erica on level 2 of the Lair of Beasts)
 B - a +0 blowgun (weapon)
Missiles
 d - 3 curare-tipped needles
 o - 14 poisoned needles (quivered)
 R - 12 javelins
 Y - a throwing net
Armour
 i - a +0 pair of boots (worn)
 D - a +2 cloak of invisibility (worn)
   (You took it off Crazy Yiuf on level 5 of the Dungeon)
 G - a +2 pair of gloves (worn)
 T - a +1 ring mail of fire resistance (worn)
   (You took it off an orc priest on level 10 of the Dungeon)
Magical Staves
 b - an uncursed staff of poison
Jewellery
 g - a ring of wizardry (left hand)
 r - an uncursed ring of resist corrosion
 u - an amulet of magic regeneration (around neck)
 x - an uncursed ring of positive energy
 S - a +3 ring of evasion (right hand)
Wands
 e - a wand of digging (8/24)
 w - a wand of polymorph (14/24)
 C - a wand of random effects (18/48)
 H - a wand of paralysis (4/24)
 L - a wand of acid (13/15)
 N - a wand of enslavement (9/24)
Scrolls
 h - 3 scrolls of teleportation {!r}
 j - a scroll of summoning {!r}
 k - 12 scrolls of remove curse
 p - a scroll of fear {!r}
 A - a scroll of noise {unknown}
 F - a scroll of blinking
 M - a scroll of magic mapping {unknown}
 P - a scroll of amnesia
Potions
 c - 9 potions of curing
 l - a potion of brilliance {!q}
 m - 4 potions of agility {!q}
 q - 5 potions of lignification {!q}
 v - 3 potions of invisibility {!q}
 E - a potion of flight
 I - a potion of cancellation {!q}
 J - 2 potions of mutation {unknown}
 K - 2 potions of resistance {!q}
 Q - a potion of magic {!q}
 V - 3 potions of heal wounds {!q}
 W - a potion of might {unknown}
Books
 s - Sif Muna's Papyrus of the Helpful Compass
   (Sif Muna gifted it to you on level 7 of the Lair of Beasts)

   Spells                             Type                      Level
   a - Shroud of Golubria             Charms/Translocation         2
   b - Recall                         Summoning/Translocation      3
   c - Teleport Other                 Translocation                3
   d - Warp Weapon                    Charms/Translocation         5
 t - a Fen Folio
Miscellaneous
 y - a sack of spiders
Comestibles
 f - 8 bread rations {!e}
 z - a slice of pizza
 O - 34 fruits
 U - 26 chunks of flesh


   Skills:
 + Level 6.9 Fighting
 - Level 1.0 Stealth
   Level 1.0 Shields
 + Level 12.6 Spellcasting
 + Level 12.7 Conjurations
 - Level 3.0 Charms
 - Level 4.0 Summonings
 - Level 5.0 Translocations
 - Level 1.0 Transmutations
 - Level 11.0 Fire Magic
 - Level 5.1 Air Magic
 - Level 5.2 Poison Magic


You had 6 spell levels left.
You knew the following spells:

 Your Spells              Type           Power        Failure   Level  Hunger
a - Magic Dart            Conj           ####         1%          1    None
b - Conjure Flame         Conj/Fire      #####...     1%          3    None
c - Call Imp              Summ           ###.....     2%          2    None
d - Mephitic Cloud        Conj/Pois/Air  ####....     1%          3    None
e - Ignite Poison         Fire/Trmt/Pois ####....     2%          3    None
f - Fireball              Conj/Fire      #####.....   1%          5    ####...
g - Throw Flame           Conj/Fire      #####.       1%          2    None
h - Force Lance           Conj/Tloc      #####...     1%          4    ##.....
i - Stone Arrow           Conj/Erth      ####..       1%          3    None
A - Apportation           Tloc           ####......   1%          1    None
B - Summon Butterflies    Summ           ###.....     1%          1    None
J - Blink                 Tloc           N/A          1%          2    None
M - Repel Missiles        Chrm/Air       ###...       2%          2    None


Dungeon Overview and Level Annotations

Branches:
Dungeon (10/15)            Temple (1/1) D:4            Lair (7/8) D:10
 Shoals (0/4) Lair:5       Spider (0/4) Lair:4          Orc (0/2) D:9
  Slime: Lair:6-8

Altars:
Ashenzari
Cheibriados
Dithmenos
Elyvilon
Fedhas
Gozag
Kikubaaqudgha
Makhleb
Nemelex Xobeh
Okawaru
Pakellas
Qazlal
Ru
Sif Muna
Trog
Vehumet
Xom
Yredelemnul
Zin
The Shining One
Beogh

Shops:
D:9 (


Message History

An eight-headed hydra comes into view.
Firing (i - inventory. (,) - cycle):
o - 18 poisoned needles (quivered)
Press: ? - help, Shift-Dir - straight line, f - eight-headed hydra
Aim: an eight-headed hydra (hasn't noticed you)
You shoot a poisoned needle.
The poisoned needle barely misses the eight-headed hydra.
The eight-headed hydra roars!
Firing (i - inventory. (,) - cycle):
o - 17 poisoned needles (quivered)
Press: ? - help, Shift-Dir - straight line, f/p - eight-headed hydra
Aim: an eight-headed hydra You shoot a poisoned needle.
The poisoned needle hits the eight-headed hydra!
Firing (i - inventory. (,) - cycle):
o - 16 poisoned needles (quivered)
Press: ? - help, Shift-Dir - straight line, f/p - eight-headed hydra
Aim: an eight-headed hydra You shoot a poisoned needle.
The poisoned needle barely misses the eight-headed hydra.
Casting: Ignite Poison
Confirm with . or Enter, or press ? or * to list all spells.
Aiming: Conjure Flame
Press: ? - help, Dir - move target cursor, p - eight-headed hydra The fire roars!
Firing (i - inventory. (,) - cycle):
o - 15 poisoned needles (quivered)
Press: ? - help, Shift-Dir - straight line, f - eight-headed hydra
Aim: an eight-headed hydra (flame)
You shoot a poisoned needle.
The poisoned needle hits the eight-headed hydra!
The eight-headed hydra is poisoned.
The eight-headed hydra is engulfed in roaring flames.
The eight-headed hydra bites you but does no damage.
The eight-headed hydra misses you. The eight-headed hydra bites you!
The eight-headed hydra bites you.
The eight-headed hydra bites you but does no damage.
The eight-headed hydra closely misses you.
The eight-headed hydra bites you! The eight-headed hydra bites you.
* * * LOW HITPOINT WARNING * * *
Damage: 31 (max 31) Unknown command.
Casting: Conjure Flame
Confirm with . or Enter, or press ? or * to list all spells.
You ignite the poison in your surroundings!
The eight-headed hydra seems to burn from within!
The eight-headed hydra is moderately wounded.
The eight-headed hydra is engulfed in roaring flames.
The eight-headed hydra bites you!
* * * LOW HITPOINT WARNING * * *
The eight-headed hydra bites you.
* * * LOW HITPOINT WARNING * * *
The eight-headed hydra bites you!
You die...

.............P.##P..#.....#.#
#........!....PPP.P..#...#.## ###
#..#......##.........#.#+### #.#
#..##.....#....#######.....####.#
P.......<.##..##.⌠.##.#..##....⌠.
..............#.(...#............
..P...........⌠.<..'...⌠......>.
.............#.....#.......#....
.........##..##@⌠.##.#..#..##.⌠.
.........#(..D####.#......##÷##
....#(......# #.###+..##.#.#
...##....#.<# ##......##....
.....P...#... #.......#...≈
.P...##..## #.#...#.#...≈ .#P...
..## #...⌠.#....≈≈ #PP. .##
#.....#.#..≈≈ ..P. .
#.#...#÷#.≈≈≈


You could see an eight-headed hydra.

Vanquished Creatures
  The ghost of nuthulu the Fighter, a journeyman GrFi of Okawaru (Lair:1)
  7 hydras
  Erica (Lair:2)
  12 death yaks
  Nergalle (Lair:2)
  The ghost of slayr the Thaumaturge, a novice DEWz of Vehumet (Lair:1)
  A griffon (Lair:3)
  4 elephants (Lair:7)
  7 black mambas
  A torpor snail (Lair:7)
  7 spiny frogs
  A gargoyle (D:10)
  3 komodo dragons
  A polar bear (Lair:7)
  2 trolls
  9 blink frogs (Lair:5)
  3 wyverns
  4 water elementals (D:10)
  Sigmund (D:5)
  2 redbacks (Lair:4)
  4 basilisks
  37 yaks
  7 hippogriffs
  14 wolves
  16 water moccasins
  11 porcupines
  2 sky beasts
  A phantom (D:4)
  10 orc warriors
  2 ice beasts
  3 ogres
  2 black bears
  An eye of draining (D:10)
  5 centaurs
  4 crocodiles
  4 big kobolds
  17 giant frogs
  5 scorpions
  9 wights
  2 electric eels (D:10)
  2 crimson imps
  12 hounds
  A quasit (D:10)
  2 jellies
  2 centaur skeletons
  2 centaur zombies
  A giant frog skeleton (D:10)
  14 orc priests
  Crazy Yiuf (D:5)
  5 iguanas
  12 orc wizards
  17 hell rats
  4 worker ants
  16 sheep
  3 killer bee zombies
  A worker ant zombie (D:9)
  12 adders
  3 gnolls
  67 river rats
  3 shadow imps
  An ooze (D:7)
  4 worms
  10 giant geckos
  53 orcs
  A ball python (D:1)
  9 bats
  5 giant cockroaches
  11 goblins
  8 hobgoblins
  10 jackals
  12 kobolds
  A quokka (D:8)
  A ball python skeleton (D:6)
  2 giant gecko skeletons
  6 giant newts
  A quokka zombie (D:8)
  17 rats
  3 fungi
  A plant (Lair:6)
561 creatures vanquished.

Vanquished Creatures (collateral kills)
  The ghost of WhatIsLove the Ducker, a novice DsMo of Cheibriados (D:5)
  Grinder (D:5)
2 creatures vanquished.

Vanquished Creatures (others)
  A quokka skeleton (D:4)
  14 fungi
  14 plants
29 creatures vanquished.

Grand Total: 592 creatures vanquished

Notes
Turn   | Place    | Note
--------------------------------------------------------------
     0 | D:1      | Gorice the Human Wanderer began the quest for the Orb.
     0 | D:1      | Gorice set off with: a book of Minor Magic, Vomaschi's Tome of Transformation, a potion of curing, a +0 robe, a +0 club, a bread ration {!e}
     0 | D:1      | Reached XP level 1. HP: 13/13 MP: 6/6
     0 | D:1      | Identified Vomaschi's Tome of Transformation
     2 | D:1      | Learned a level 1 spell: Magic Dart
    28 | D:1      | Reached skill level 1 in Conjurations
    76 | D:1      | Reached XP level 2. HP: 19/19 MP: 5/8
   369 | D:1      | Reached skill level 2 in Conjurations
   557 | D:1      | Reached XP level 3. HP: 24/24 MP: 6/9
   875 | D:1      | Learned a level 3 spell: Conjure Flame
   878 | D:1      | Learned a level 2 spell: Blink
   881 | D:1      | Learned a level 2 spell: Repel Missiles
   885 | D:1      | Learned a level 2 spell: Call Imp
  1177 | D:2      | Reached skill level 3 in Conjurations
  1376 | D:2      | Reached XP level 4. HP: 30/30 MP: 3/11
  2143 | D:3      | Reached XP level 5. HP: 32/35 MP: 9/12
  2145 | D:3      | Reached skill level 4 in Conjurations
  2431 | D:3      | Found a sparkling altar of Nemelex Xobeh.
  2729 | D:3      | Reached XP level 6. HP: 39/41 MP: 10/14
  3026 | D:3      | Reached skill level 5 in Conjurations
  3448 | D:3      | Learned a level 3 spell: Mephitic Cloud
  4010 | D:4      | Reached XP level 7. HP: 28/46 MP: 13/15
  4150 | D:4      | Reached skill level 6 in Spellcasting
  4150 | D:4      | Reached skill level 6 in Conjurations
  4170 | D:4      | HP: 20/69 [orc wizard/dagger of draining (2)]
  4408 | D:4      | Reached XP level 8. HP: 45/52 MP: 2/17
  4468 | D:4      | Found a stormy altar of Qazlal.
  4691 | D:4      | Found a staircase to the Ecumenical Temple.
  4782 | Temple   | Entered the Ecumenical Temple
  4786 | Temple   | Became a worshipper of Sif Muna the Loreminder
  4821 | D:5      | Entered Level 5 of the Dungeon
  4824 | D:5      | Reached skill level 7 in Conjurations
  4828 | D:5      | Noticed Grinder
  4828 | D:5      | Noticed WhatIsLove's ghost (novice DsMo)
  4968 | D:5      | HP: 13/52 [WhatIsLove's ghost (5)]
  4974 | D:5      | HP: 5/52 [WhatIsLove's ghost (2)]
  4991 | D:5      | Killed WhatIsLove's ghost
  4991 | D:5      | Reached skill level 1 in Air Magic
  5199 | D:5      | Reached * piety under Sif Muna
  5199 | D:5      | Reached skill level 2 in Air Magic
  5314 | D:5      | Noticed Sigmund
  5323 | D:5      | Killed Sigmund
  5415 | D:5      | Reached skill level 8 in Conjurations
  5568 | D:5      | Paralysed by Grinder for 2 turns
  5570 | D:5      | Killed Grinder
  5570 | D:5      | Reached skill level 7 in Spellcasting
  5570 | D:5      | Reached skill level 1 in Translocations
  5570 | D:5      | Reached skill level 3 in Air Magic
  5570 | D:5      | Reached XP level 9. HP: 40/57 MP: 8/19
  5571 | D:5      | --Heh, Siggers and Grinder down, a good day's work!
  5672 | D:5      | Noticed Crazy Yiuf
  5678 | D:5      | Killed Crazy Yiuf
  5701 | D:5      | --+2 cloak of invis - thanks Yiuf!
  6009 | D:6      | Reached ** piety under Sif Muna
  6096 | D:6      | Reached skill level 2 in Translocations
  6096 | D:6      | Reached skill level 3 in Fire Magic
  6329 | D:6      | Reached skill level 1 in Summonings
  6363 | D:6      | Reached skill level 4 in Air Magic
  6561 | D:6      | You fall through a shaft for 2 floors!
  6583 | D:8      | Reached skill level 3 in Translocations
  6646 | D:7      | Reached skill level 2 in Summonings
  6866 | D:8      | Reached *** piety under Sif Muna
  7007 | D:8      | Found an oddly glowing altar of Pakellas.
  7116 | D:6      | Found an ancient bone altar of Kikubaaqudgha.
  7132 | D:6      | Reached skill level 4 in Fire Magic
  7415 | D:6      | Found a shadowy altar of Dithmenos.
  7422 | D:6      | Found a white marble altar of Elyvilon.
  7430 | D:6      | Found a shattered altar of Ashenzari.
  7437 | D:6      | Found a stormy altar of Qazlal.
  7442 | D:6      | Found an ancient bone altar of Kikubaaqudgha.
  7453 | D:6      | Found a radiant altar of Vehumet.
  7488 | D:6      | Found a bloodstained altar of Trog.
  7551 | D:6      | Learned a level 3 spell: Ignite Poison
  7665 | D:7      | Reached XP level 10. HP: 63/63 MP: 12/21
  8020 | D:7      | Reached skill level 3 in Summonings
  8046 | D:7      | HP: 9/63 [orc warrior/long sword (18)]
  8619 | D:7      | Reached skill level 4 in Translocations
  8797 | D:7      | Reached skill level 8 in Spellcasting
  9013 | D:7      | Reached **** piety under Sif Muna
  9015 | D:7      | Reached skill level 5 in Air Magic
  9147 | D:7      | Reached skill level 5 in Fire Magic
  9461 | D:8      | Reached skill level 4 in Summonings
  9711 | D:8      | Reached skill level 1 in Charms
  9713 | D:8      | Reached skill level 1 in Poison Magic
  9718 | D:8      | Reached skill level 2 in Charms
  9732 | D:8      | Reached ***** piety under Sif Muna
  9732 | D:8      | Reached skill level 2 in Poison Magic
  9990 | D:9      | Found Zyxuot's Antique Weapon Shoppe.
  9994 | D:8      | HP: 14/63 [yak (8)]
 10073 | D:8      | HP: 6/63 [yak (15)]
 10074 | D:8      | Reached skill level 3 in Charms
 10388 | D:8      | Reached skill level 3 in Poison Magic
 10670 | D:9      | Reached XP level 11. HP: 28/68 MP: 4/23
 11221 | D:9      | Found a roughly hewn altar of Beogh.
 11221 | D:9      | Found a staircase to the Orcish Mines.
 11343 | D:8      | Reached skill level 9 in Spellcasting
 12535 | D:10     | Entered Level 10 of the Dungeon
 12610 | D:10     | Reached skill level 6 in Fire Magic
 12612 | D:10     | Reached ****** piety under Sif Muna
 12612 | D:10     | Received a gift from Sif Muna
 12612 | D:10     | Reached skill level 9 in Conjurations
 12669 | D:10     | Identified Sif Muna's Tome of Arcane Weapons and the Arsonist (Sif Muna gifted it to you on level 10 of the Dungeon)
 12676 | D:10     | Learned a level 5 spell: Fireball
 12692 | D:10     | Found a staircase to the Lair.
 12860 | D:10     | Upgraded the game from 0.18-a0-1293-g5a2c81a to 0.18-a0-1300-g6e8322c
 13005 | D:10     | Reached skill level 4 in Poison Magic
 13569 | D:10     | Learned a level 2 spell: Throw Flame
 13835 | Lair:1   | Entered Level 1 of the Lair of Beasts
 14255 | Lair:1   | Noticed slayr's ghost (novice DEWz)
 14539 | Lair:1   | Noticed nuthulu's ghost (journeyman GrFi)
 14562 | Lair:1   | Killed nuthulu's ghost
 14562 | Lair:1   | Reached skill level 7 in Fire Magic
 14562 | Lair:1   | Reached skill level 5 in Poison Magic
 14780 | Lair:1   | Killed slayr's ghost
 14780 | Lair:1   | Reached skill level 10 in Spellcasting
 14780 | Lair:1   | Reached XP level 12. HP: 69/74 MP: 0/26
 15022 | Lair:1   | Noticed a six-headed hydra
 15033 | Lair:1   | Killed a six-headed hydra
 15033 | Lair:1   | Received a gift from Sif Muna
 15034 | Lair:1   | Identified Sif Muna's Papyrus of Combat Magic (Sif Muna gifted it to you on level 1 of the Lair of Beasts)
 15040 | Lair:1   | Learned a level 4 spell: Force Lance
 15647 | Lair:2   | Reached skill level 10 in Conjurations
 15667 | Lair:2   | Found an ancient bone altar of Kikubaaqudgha.
 15778 | Lair:2   | Noticed Erica
 15783 | Lair:2   | Killed Erica
 15849 | Lair:2   | Reached skill level 8 in Fire Magic
 15939 | Lair:2   | Got a bloodstained falchion
 15949 | Lair:2   | Identified the +1 falchion "Cuqaum" {freeze, Fragile rElec rN+} (You found it on level 2 of the Lair of Beasts)
 16134 | Lair:2   | Noticed Nergalle
 16143 | Lair:2   | Killed Nergalle
 17036 | Lair:3   | Received a gift from Sif Muna
 17037 | Lair:3   | Identified Sif Muna's Catalogue of Confrontation (Sif Muna gifted it to you on level 3 of the Lair of Beasts)
 17505 | Lair:3   | Learned a level 1 spell: Summon Butterflies
 17507 | Lair:3   | Learned a level 1 spell: Apportation
 17572 | Lair:4   | Noticed a death yak
 17584 | Lair:4   | Killed a death yak
 17693 | Lair:4   | Noticed a death yak
 17694 | Lair:4   | Noticed a death yak
 17694 | Lair:4   | Noticed a death yak
 17734 | Lair:3   | Killed a death yak
 17734 | Lair:3   | Reached skill level 11 in Spellcasting
 17968 | Lair:4   | Reached skill level 11 in Conjurations
 18003 | Lair:4   | Noticed a seven-headed hydra
 18037 | Lair:4   | Reached skill level 9 in Fire Magic
 18090 | Lair:3   | Killed a seven-headed hydra
 18090 | Lair:3   | Reached skill level 5 in Translocations
 18090 | Lair:3   | Reached XP level 13. HP: 46/79 MP: 16/28
 18249 | Lair:3   | HP: 22/79 [death yak (5)]
 18256 | Lair:3   | Reached skill level 1 in Fighting
 18268 | Lair:3   | HP: 22/81 [giant frog (4)]
 18274 | Lair:3   | HP: 19/81 [giant frog (5)]
 18772 | Lair:4   | Reached skill level 2 in Fighting
 19083 | Lair:4   | HP: 25/85 [poisoned by a redback]
 19088 | Lair:4   | HP: 19/85 [poisoned by a redback]
 19093 | Lair:4   | HP: 15/85 [poisoned by a redback]
 19098 | Lair:4   | HP: 12/85 [poisoned by a redback]
 19104 | Lair:4   | HP: 10/85 [poisoned by a redback]
 19110 | Lair:3   | HP: 10/85 [poisoned by a redback]
 19118 | Lair:3   | HP: 10/85 [poisoned by a redback]
 19493 | Lair:4   | Found a hole to the Spider Nest.
 20187 | Lair:5   | Received a gift from Sif Muna
 20250 | Lair:5   | Noticed a seven-headed hydra
 20259 | Lair:5   | Killed a seven-headed hydra
 20259 | Lair:5   | Reached skill level 3 in Fighting
 20415 | Lair:5   | Found a staircase to the Shoals.
 20450 | Lair:5   | Reached skill level 10 in Fire Magic
 20456 | Lair:5   | Noticed a four-headed hydra
 20476 | Lair:5   | Killed a four-headed hydra
 20476 | Lair:5   | Reached skill level 4 in Fighting
 20965 | Lair:4   | HP: 19/88 [death yak (15)]
 21604 | Lair:5   | HP: 27/90 [river rat (4)]
 21633 | Lair:5   | HP: 26/90 [death yak (8)]
 21634 | Lair:5   | Reached skill level 12 in Conjurations
 21647 | Lair:5   | HP: 21/90 [death yak (9)]
 21673 | Lair:5   | HP: 17/90 [river rat (2)]
 21680 | Lair:5   | HP: 18/90 [river rat (1)]
 21705 | Lair:5   | Reached XP level 14. HP: 24/96 MP: 14/29
 21756 | Lair:5   | Reached skill level 5 in Fighting
 21817 | Lair:5   | HP: 28/98 [five-headed hydra (5)]
 21836 | Lair:5   | Reached skill level 12 in Spellcasting
 23679 | Lair:6   | Reached skill level 11 in Fire Magic
 24170 | Lair:6   | HP: 18/99 [eight-headed hydra (14)]
 24255 | Lair:7   | HP: 29/99 [polar bear (11)]
 24514 | Lair:7   | Received a gift from Sif Muna
 24514 | Lair:7   | Reached skill level 6 in Fighting
 24517 | Lair:7   | Identified Sif Muna's Papyrus of the Helpful Compass (Sif Muna gifted it to you on level 7 of the Lair of Beasts)
 24601 | Lair:7   | HP: 24/100 [black mamba (11)]
 24603 | Lair:7   | HP: 10/100 [poisoned by a black mamba]
 24626 | Lair:7   | HP: 20/100 [river rat (5)]
 25233 | Lair:7   | Learned a level 3 spell: Stone Arrow
 25429 | Lair:7   | HP: 25/101 [yak (14)]
 25585 | Lair:7   | HP: 27/101 [eight-headed hydra (4)]
 25586 | Lair:7   | HP: 13/101 [eight-headed hydra (14)]
 25586 | Lair:7   | Slain by an eight-headed hydra

Vault maps used:
D:1:      noname_arrival_rooms_in_the_neighbourhood
D:2:      minmay_circled_x
D:3:      wad_woods_stonehenge
D:4:      temple_green, grunt_qazlal_clouds
D:5:      first_bread, uniq_crazy_yiuf_cottage, uniq_sigmund, uniq_grinder
D:6:      grunt_temple_overflow_octagram, basic_altar, minivault_27
D:8:      grunt_pakellas_basics, blue_anna_alchemist
D:9:      david_orc_5, serial_shops, shop
D:10:     erik_lair_island, nicolae_underground_beach
Temple:   minmay_freezing_vapour_temple_12
Lair:1:   minivault_24, serial_bayou_shore_b
Lair:2:   beast_lair_carwin_large_3, basic_altar, uniq_nergalle, uniq_erica
Lair:4:   beast_lair_carwin_large_2, spider_nest_entry_webs,
          infiniplex_staircase_pool, grunt_megastairs_5
Lair:5:   lemuel_ratsnest, minmay_shoals_entry_centaurs, st_stairs_7,
          beast_lair_carwin_6
Lair:6:   ldierk_geyser, minivault_11
Lair:7:   grunt_megastairs_1, infiniplex_staircase_pool_2

Action                   |  1- 3 |  4- 6 |  7- 9 | 10-12 | 13-15 || total
-------------------------+-------+-------+-------+-------+-------++-------
Melee: Club              |    14 |     9 |       |       |       ||    23
       Rapier            |       |   138 |    16 |       |       ||   154
       Dagger            |       |     3 |    40 |     7 |       ||    50
       Falchion          |       |       |     8 |    17 |       ||    25
       Quarterstaff      |       |       |       |   184 |    69 ||   253
       Staff             |       |       |       |     6 |   144 ||   150
       Blowgun           |       |       |       |       |     3 ||     3
 Fire: Blowgun           |       |       |       |   113 |   322 ||   435
Throw: Stone             |       |       |     4 |       |       ||     4
       Javelin           |       |       |       |     3 |       ||     3
 Cast: Magic Dart        |    73 |   157 |   305 |   195 |       ||   730
       Conjure Flame     |     1 |     1 |    28 |    58 |    17 ||   105
       Call Imp          |     1 |       |     4 |       |       ||     5
       Repel Missiles    |     1 |       |     1 |       |     2 ||     4
       Mephitic Cloud    |       |     1 |    11 |    93 |    69 ||   174
       Blink             |       |     1 |    13 |    26 |    30 ||    70
       Ignite Poison     |       |       |       |    91 |   145 ||   236
       Throw Flame       |       |       |       |    25 |    31 ||    56
       Fireball          |       |       |       |    11 |    12 ||    23
       Force Lance       |       |       |       |     4 |     1 ||     5
       Stone Arrow       |       |       |       |       |     2 ||     2
Evoke: Wand              |       |       |     4 |     3 |       ||     7
  Use: Scroll            |       |     9 |     5 |    11 |     1 ||    26
       Potion            |       |       |     1 |     1 |     1 ||     3
 Stab: Confused          |       |     3 |       |     9 |     2 ||    14
       Sleeping          |       |       |     1 |     7 |     2 ||    10
       Paralysed         |       |       |       |     1 |       ||     1
       Distracted        |       |       |       |     2 |     1 ||     3
  Eat: Chunk             |     1 |     9 |    12 |    20 |    14 ||    56
       Pizza             |       |       |     1 |     4 |     2 ||     7
       Meat ration       |       |       |       |     1 |       ||     1
       Royal jelly       |       |       |       |     1 |       ||     1
       Bread ration      |       |       |       |     1 |     2 ||     3

Table legend:
 A = Turns spent in this place as a percentage of turns spent in the entire game.
 B = Non-inter-level travel turns spent in this place as a percentage of non-inter-level travel turns spent in the entire game.
 C = Inter-level travel turns spent in this place as a percentage of turns spent in this place.
 D = Turns resting spent in this place as a percentage of non-inter-level travel turns spent in this place.
 E = Turns spent auto-exploring this place as a percentage of non-inter-level travel turns spent in this place.
 F = Non-inter-level travel turns spent in this place divided by the number of levels of this place that you've seen.
                   A       B       C       D       E      F
               +-------+-------+-------+-------+-------+----------------------
         Total | 100.0 | 100.0 |   0.4 |   3.3 |   4.2 | 492.0
       Dungeon |  55.6 |  55.6 |   0.3 |   3.5 |   4.9 | 492.6
        Temple |   0.1 |   0.1 |   0.0 |   0.0 |   0.0 |  10.0
          Lair |  44.3 |  44.3 |   0.6 |   3.0 |   3.2 | 560.0
               +-------+-------+-------+-------+-------+----------------------

Vault maps used:
D:1:      noname_arrival_rooms_in_the_neighbourhood
D:2:      minmay_circled_x
D:3:      wad_woods_stonehenge
D:4:      temple_green, grunt_qazlal_clouds
D:5:      first_bread, uniq_crazy_yiuf_cottage, uniq_sigmund, uniq_grinder
D:6:      grunt_temple_overflow_octagram, basic_altar, minivault_27
D:8:      grunt_pakellas_basics, blue_anna_alchemist
D:9:      david_orc_5, serial_shops, shop
D:10:     erik_lair_island, nicolae_underground_beach
Temple:   minmay_freezing_vapour_temple_12
Lair:1:   minivault_24, serial_bayou_shore_b
Lair:2:   beast_lair_carwin_large_3, basic_altar, uniq_nergalle, uniq_erica
Lair:4:   beast_lair_carwin_large_2, spider_nest_entry_webs,
          infiniplex_staircase_pool, grunt_megastairs_5
Lair:5:   lemuel_ratsnest, minmay_shoals_entry_centaurs, st_stairs_7,
          beast_lair_carwin_6
Lair:6:   ldierk_geyser, minivault_11
Lair:7:   grunt_megastairs_1, infiniplex_staircase_pool_2
